 Dungeon Crawl Stone Soup version 0.23.0-42-geed6394 (webtiles) character file.

Game seed: 0

525 Lanoc the Spear-Bearer (level 7, -1/49 HPs)
             Began as a Merfolk Gladiator on Feb 28, 2019.
             Was an Initiate of Nemelex Xobeh.
             Succumbed to a worker ant's poison
             ... on level 4 of the Dungeon.
             The game lasted 00:09:48 (3260 turns).

Lanoc the Spear-Bearer (Merfolk Gladiator)          Turns: 3260, Time: 00:09:48

Health: -1/49      AC:  4    Str: 16    XL:     7   Next: 22%
Magic:  8/8        EV: 17    Int:  8    God:    Nemelex Xobeh [......]
Gold:   130        SH:  0    Dex: 15    Spells: 6/6 levels left

rFire    . . .     SeeInvis .   a - +0 trident
rCold    . . .     Gourm    .   (no shield)
rNeg     . . .     Faith    .   b - +0 leather armour
rPois    .         Spirit   .   c - +0 helmet
rElec    .         Reflect  .   (no cloak)
rCorr    .         Harm     .   (no gloves)
MR       .....                  (no boots)
Stlth    +.........             (no amulet)
HPRegen  0.16/turn              h - +2 ring of evasion
MPRegen  0.11/turn              (no ring)

@: lethally poisoned (-1 -> -9), berserk cooldown, slowed, lightly drained, very
slow
A: change form in water, swift swim, stealthy swim, frail 1
a: Draw Escape, Draw Destruction, Draw Summoning, Renounce Religion


You were on level 4 of the Dungeon.
You worshipped Nemelex Xobeh.
Nemelex Xobeh was noncommittal.
You were not hungry.

You visited 2 branches of the dungeon, and saw 5 of its levels.

You collected 130 gold pieces.

Inventory:

Hand Weapons
 a - a +0 trident (weapon)
Missiles
 d - 3 throwing nets (quivered)
Armour
 b - a +0 leather armour (worn)
 c - a +0 helmet (worn)
Jewellery
 h - a +2 ring of evasion (left hand)
Scrolls
 e - 3 scrolls of teleportation {unknown}
 g - 2 scrolls of enchant armour {unknown}
 i - 8 scrolls of remove curse
 m - 2 scrolls of identify {unknown}
Potions
 n - 2 potions of invisibility
Comestibles
 f - 6 rations


   Skills:
 + Level 4.4(3.8) Fighting
 * Level 8.4(7.8) Polearms
 - Level 2.0(1.4) Throwing
 + Level 6.0(5.4) Dodging
 + Level 2.1(1.6) Invocations


You had 6 spell levels left.
You didn't know any spells.
Your spell library contained the following spells:

 Spells                   Type           Power        Failure   Level  Hunger
 Confusing Touch          Hex            #.....       47%         1    ##.....
 Confuse                  Hex            #.......     85%         3    ####...
 Gell's Gravitas          Tloc           #.........   85%         3    ####...
 Petrify                  Tmut/Erth      #.......     99%         4    #####..
 Metabolic Englaciation   Hex/Ice        #.........   100%        5    ######.
 Yara's Violent Unravell  Hex/Tmut       #.........   100%        5    ######.


Dungeon Overview and Level Annotations

Branches:
Dungeon (4/15)             Temple (1/1) D:4

Altars:
Fedhas
Kikubaaqudgha
Nemelex Xobeh
Sif Muna
Trog
Uskayaw
Vehumet
Xom
Zin
The Shining One


Innate Abilities, Weirdness & Mutations

You revert to your normal form in water You are very nimble and swift while swimming.
You are very stealthy in the water. (Stealth+)
You are frail. (-10% HP)


Message History

Unknown command.
You are too berserk!
You are too berserk!
* * * LOW HITPOINT WARNING * * *
You feel sick.
You see here a cursed -1 hand axe.
You feel a strong urge to attack something.
You see here a tomahawk.
* * * LOW HITPOINT WARNING * * *
You feel sick.
You see here a tomahawk.
You feel your anger nearly subside.
You are no longer berserk.
You are exhausted.
You feel yourself slow down.
Okay, then.
Unknown command.
As you read the scroll labeled WIAMYCVAKHE, it crumbles to dust.
You feel blessed for a moment.
It was a scroll of remove curse.
You die...
Your body disappears without a glow.

## ## .# #.
.# .. .# .##
#. ## ....#.#
# .......## #
........##
.>.....@.#
........(####
##.......())#
####...#'#)#
###.'_'ยง#
###'### #.##
##.# #.###
###


There were no monsters in sight!

Vanquished Creatures
  3 orc priests (D:4)
  An iguana (D:4)
  2 orc wizards (D:4)
  Jessica (D:2)
  Ijyb (D:3)
  4 worker ants (D:4)
  8 adders
  An ooze (D:3)
  An adder skeleton (D:4)
  A worm (D:2)
  A leopard gecko (D:4)
  20 orcs
  10 bats
  9 giant cockroaches
  11 goblins
  8 hobgoblins
  2 jackals (D:4)
  3 kobolds
  3 quokkas
  A ball python (D:2)
  6 frilled lizards
  22 rats
119 creatures vanquished.

Notes
Turn   | Place    | Note
-------+----------+-------------------------------------------
     0 | D:1      | Lanoc the Merfolk Gladiator began the quest for the Orb.
     0 | D:1      | Reached XP level 1. HP: 16/16 MP: 1/1
    98 | D:1      | Reached XP level 2. HP: 23/23 MP: 2/2
   108 | D:1      | Reached skill level 5 in Polearms
   202 | D:2      | Reached XP level 3. HP: 16/28 MP: 3/3
   559 | D:2      | Noticed Jessica
   745 | D:2      | Found a bloodstained altar of Trog.
   956 | D:2      | Killed Jessica
   956 | D:2      | Reached skill level 6 in Polearms
   956 | D:2      | Reached XP level 4. HP: 35/35 MP: 4/4
  1096 | D:3      | Found an ancient bone altar of Kikubaaqudgha.
  1263 | D:3      | Reached skill level 5 in Dodging
  1263 | D:3      | Reached XP level 5. HP: 34/41 MP: 5/5
  1289 | D:3      | Found a deep blue altar of Sif Muna.
  1529 | D:3      | Found a faded altar of an unknown god.
  1551 | D:3      | Became a worshipper of Xom of Chaos
  1778 | D:3      | XOM: harmless Tloc miscast
  1891 | D:3      | Found a blossoming altar of Fedhas.
  1896 | D:3      | Found a sparkling altar of Nemelex Xobeh.
  1901 | D:3      | Found a glowing golden altar of the Shining One.
  1909 | D:3      | Fell from the grace of Xom
  1909 | D:3      | Became a worshipper of Nemelex Xobeh the Trickster
  2015 | D:3      | Noticed Ijyb
  2027 | D:3      | Killed Ijyb
  2027 | D:3      | Reached skill level 7 in Polearms
  2073 | D:4      | Reached XP level 6. HP: 33/48 MP: 6/6
  2174 | D:4      | Received a gift from Nemelex Xobeh
  2209 | D:4      | Reached skill level 1 in Invocations
  2481 | D:4      | Found a radiant altar of Vehumet.
  2481 | D:4      | Found a hide-covered altar of Uskayaw.
  2534 | D:4      | XOM: severe Hex miscast
  2543 | D:4      | Gained mutation: You are frail. (-10% HP) [mutagenic glow]
  2635 | D:4      | Found a staircase to the Ecumenical Temple.
  2647 | D:4      | Reached skill level 8 in Polearms
  2651 | Temple   | XOM: noise
  2651 | Temple   | Entered the Ecumenical Temple
  2750 | D:4      | HP: 1/43 [orc/+0 flail (8)]
  2757 | D:4      | Reached XP level 7. HP: 6/48 MP: 8/8
  2761 | D:4      | HP: 2/48 [orc/+0 flail (5)]
  3217 | D:4      | Found a glowing silver altar of Zin.
  3236 | D:4      | XOM: chaos cloud
  3253 | D:4      | HP: 3/72 [poisoned by a worker ant]
  3258 | D:4      | HP: 1/73 [poisoned by a worker ant]
  3260 | D:4      | Succumbed to a worker ant's poison

Skill      XL: |  1  2  3  4  5  6  7 |
---------------+----------------------+-----
Polearms       | 5 6 7 8 |  8.4
Fighting       | 3 4 |  4.4
Dodging        | 5 6 |  6.0
Invocations    | 1 2 |  2.1
Throwing       | |  2.0

Action                   |  1- 3 |  4- 6 |  7- 9 || total
-------------------------+-------+-------+-------++-------
Melee: Trident           |   124 |   285 |    26 ||   435
 Abil: Draw Destruction  |       |       |     2 ||     2
  Use: Potion            |     2 |     4 |     1 ||     7
       Scroll            |       |       |     1 ||     1
 Stab: Sleeping          |     2 |     2 |       ||     4
  Eat: Chunk             |       |     6 |     2 ||     8
Armor: Leather armour    |    17 |    44 |     6 ||    67
       Skin              |    10 |       |       ||    10
Dodge: Dodged            |    67 |   220 |    16 ||   303
